 Dungeon Crawl Stone Soup version 0.31-a0-277-g31ea1f65cc (webtiles) character file.

Game seed: 3956590987010089174

343 Iniera the Ducker (level 6, -1/40 HPs)
             Began as a Djinni Earth Elementalist on July 16, 2023.
             Shot with an arrow by a centaur (8 damage)
             ... on level 6 of the Dungeon.
             The game lasted 00:03:16 (2292 turns).

Iniera the Ducker (Djinni Earth Elementalist)       Turns: 2292, Time: 00:03:16

Health: -1/40      AC:  5    Str:  7    XL:     6   Next: 88%
Gold:   215        EV: 13    Int: 19    God:
                   SH:  0    Dex: 13

rFire   + + .        b - +0 short sword
rCold   x . .        (no shield)
rNeg    . . .        a - +0 robe
rPois   ∞            (no helmet)
rElec   .            d - +2 cloak
rCorr   .            (no gloves)
SInv    .            (boots unavailable)
Will    .....        (no amulet)
Stlth   ++           (no ring)
HPRegen 0.26/turn    (no ring)
MPRegen 0.00/turn

%: infuse magic (-2 HP)
@: flying, very slightly contaminated
A: sickness immunity, fire resistance 2, cold vulnerability 1, float, innate
caster, HP casting, extra vitality 1
a: no special abilities


You were on level 6 of the Dungeon.
You visited 1 branch of the dungeon, and saw 4 of its levels.

You collected 215 gold pieces.

Inventory:

Hand Weapons
 b - a +0 short sword (weapon)
Missiles
 j - a throwing net
Armour
 a - a +0 robe (worn)
 d - a +2 cloak (worn)
Jewellery
 i - a +6 ring of dexterity
Scrolls
 g - 4 scrolls of identify {unknown}
 h - a scroll of revelation {unknown}
 l - 3 scrolls of vulnerability {unknown}
 m - a scroll of teleportation {unknown}
Potions
 c - 4 potions of curing
 e - 2 potions of mutation {unknown}
 f - 3 potions of degeneration {unknown}
 k - a potion of invisibility {unknown}


   Skills:
 + Level 0.0 Fighting
 + Level 4.7 Dodging
 + Level 3.8 Stealth
 + Level 3.9 Spellcasting
 + Level 3.9 Conjurations
 + Level 3.9 Hexes
 + Level 3.9 Summonings
 + Level 3.9 Necromancy
 + Level 3.9 Translocations
 + Level 3.9 Transmutations
 + Level 3.9 Fire Magic
 + Level 3.9 Ice Magic
 + Level 3.9 Air Magic
 + Level 3.9 Earth Magic
 + Level 3.9 Poison Magic


You knew the following spells:

 Your Spells              Type           Power      Damage    Failure   Level
a - Sandblast             Erth           36%        2d10      2%          1
b - Passwall              Tmut/Erth      15%        N/A       4%          2
c - Stone Arrow           Conj/Erth      36%        3d9       9%          3
d - Petrify               Tmut/Erth      18%        N/A       28%         4
e - Magic Dart            Conj           72%        1d6       2%          1
f - Static Discharge      Conj/Air       36%        2-4/arc   4%          2
Your spell library was empty.

Dungeon Overview and Level Annotations

Branches:
Dungeon (3/15)

Altars:
Wu Jian

Shops:
D:1 (

Annotations:
D:6 1 transporter, Newt's ghost, novice DsGl


Innate Abilities, Weirdness & Mutations

You are immune to sickness and miasma.
You are immune to poison.
Your flesh is very heat resistant. (rF++)
You are vulnerable to cold. (rC-)
You float through the air rather than walking.
You learn spells naturally, not from books.
Your magical power is your life essence.
You have superior vitality. (+4 MHP)


Message History

m - a scroll labelled LYDDEASYZI You see here 5 stones.
You now have 203 gold pieces (gained 9).
Found 4 stones.
Found a spear.
Found an ornate altar of the Wu Jian Council.
You now have 215 gold pieces (gained 12).
Found 10 stones.
No target in view!
You can't see any susceptible monsters within range! (Use Z to cast anyway.)
Found 9 stones.
Found a helmet.
A centaur comes into view.
The centaur shouts!
The centaur wields a +0 orcbow.
The centaur shoots an arrow.
The arrow hits you!
The stone arrow hits the centaur!!
The centaur is almost dead.
The centaur shoots an arrow.
The arrow barely misses you.
The centaur shoots an arrow.
The arrow barely misses you.
The centaur shoots an arrow.
The arrow hits you!
You are too injured to fight recklessly!
You are too injured to fight recklessly!
You are too injured to fight recklessly!
Aiming: Stone Arrow (dangerous; 9% risk of failure)
Press: ? - help, Q - select action, (/) - cycle Shift-Dir - straight line, f/p - centaur
Aim: a centaur, wielding a +0 orcbow (almost dead, 81% to hit)
The stone arrow misses the centaur.
The centaur shoots an arrow.
The arrow hits you!
* * * LOW HITPOINT WARNING * * *
Unknown command.
Aiming: Stone Arrow (dangerous; 9% risk of failure)
Press: ? - help, Q - select action, (/) - cycle Shift-Dir - straight line, f/p - centaur
Aim: a centaur, wielding a +0 orcbow (almost dead, 81% to hit)
You miscast Stone Arrow.
You are very lightly contaminated with residual magic.
Nothing appears to happen.
* * * LOW HITPOINT WARNING * * *
The centaur shoots an arrow.
The arrow hits you!
You die...

#....#...## # #.#####.##
#.#.#####.# ###
####.........# #..
..(.......#### #.#
####.#.##.# #.# #.#.##.#
#c# ####....#.###
#.######. ............#
#@.......
##.>#...#.#.####.######.
...###...........# #..#
##..#..#.##.####.# #..#
###..............[. #..#
..##.###.###########
#..# #.##.# #.# #..#
#.##.# #.# #.<# .....#
#.# ###########..#


You could see a centaur.

Vanquished Creatures
  A phantom (D:6)
  A scorpion (D:6)
  A hound (D:6)
  2 orc priests (D:6)
  An iguana (D:6)
  A gnoll (D:1)
  3 adders
  A worm (D:2)
  A dart slug (D:3)
  7 orcs (D:6)
  2 ball pythons
  7 endoplasms
  3 giant cockroaches (D:1)
  2 goblins (D:1)
  6 hobgoblins
  3 kobolds (D:1)
  A quokka (D:3)
  2 bats (D:2)
  3 frilled lizards
  6 rats
54 creatures vanquished.

Notes
Turn   | Place    | Note
-------+----------+-------------------------------------------
     0 | D:1      | Iniera the Djinni Earth Elementalist began the quest for
                  | the Orb.
     0 | D:1      | Iniera set off with the following spells memorised:
                  | Sandblast, Passwall, Stone Arrow, Petrify.
     0 | D:1      | Reached XP level 1. HP: 15/15 MP: 0/0
   282 | D:1      | Reached XP level 2. HP: 16/21 MP: 0/0
   371 | D:1      | Reached XP level 3. HP: 11/25 MP: 0/0
   371 | D:1      | Learned a level 1 spell: Magic Dart
   791 | D:1      | Found Dubestu's Weapon Shoppe.
  1209 | D:2      | Reached skill level 3 in Dodging
  1218 | D:2      | Reached XP level 4. HP: 16/31 MP: 0/0
  1730 | D:3      | You are sucked into a shaft and drop 3 floors!
  1742 | D:6      | Noticed a phantom
  1756 | D:6      | Killed a phantom
  1757 | D:6      | Reached XP level 5. HP: 15/35 MP: 0/0
  1757 | D:6      | Learned a level 2 spell: Static Discharge
  1844 | D:6      | Reached skill level 4 in Dodging
  1855 | D:6      | Reached XP level 6. HP: 29/40 MP: 0/0
  1939 | D:6      | HP: 1/40 [scorpion (1)]
  2105 | D:6      | Found a transporter.
  2111 | D:6      | Noticed Newt's ghost (novice DsGl)
  2249 | D:6      | Found an ornate altar of the Wu Jian Council.
  2292 | D:6      | Shot with an arrow by a centaur

Illustrated notes

Levels and vault maps discovered:
D:1:      matt_arrival_spirals, layout_basic, serial_shops, shop, serial_rivers,
          chequers_serial_rivers_micro_d, chequers_serial_rivers_micro_d,
          chequers_serial_rivers_small_b, chequers_serial_rivers_micro_c,
          chequers_serial_rivers_micro_c, chequers_serial_rivers_micro_c
D:2:      layout_rooms, kennysheep_generic_room_2
D:3:      layout_loops_ring, feat_on_display
D:6:      layout_loops_ring, nzn_wu_jian_contemplation,
          gammafunk_ghost_stat_death, uniq_blork_the_orc

Skill      XL: |  1  2  3  4  5 |
---------------+----------------+-----
Spellcasting   | |  3.9
Conjurations   | |  3.9
Hexes          | |  3.9
Summonings     | |  3.9
Necromancy     | |  3.9
Translocations | |  3.9
Transmutations | |  3.9
Fire Magic     | |  3.9
Ice Magic      | |  3.9
Air Magic      | |  3.9
Earth Magic    | |  3.9
Poison Magic   | |  3.9
Stealth        | 2 3 |  3.8
Dodging        | 3 4 |  4.7

Action                     |  1- 3 |  4- 6 || total
---------------------------+-------+-------++-------
  Melee: Short sword       |     7 |    12 ||    19
   Cast: Sandblast         |    15 |       ||    15
         Magic Dart        |    42 |    39 ||    81
         Stone Arrow       |       |    18 ||    18
    Use: Potion            |       |     1 ||     1
   Stab: Sleeping          |     2 |       ||     2
 Armour: Robe              |     4 |     4 ||     8
  Dodge: Dodged            |    10 |    23 ||    33

Table legend: (Time is in decaauts)
 A = Elapsed time spent in this place.
 B = Non-inter-level travel time spent in this place.
 C = Inter-level travel time spent in this place.
 D = Time resting spent in this place.
 E = Time spent auto-exploring this place.
 F = Levels seen in this place.
 G = Mean time per level.
                   A        B        C        D        E       F      G
               +--------+--------+--------+--------+--------+-----+--------+
         Total |   2299 |   2232 |     67 |     64 |   1859 |   4 |  574.8 |
       Dungeon |   2299 |   2232 |     67 |     64 |   1859 |   4 |  574.8 |
               +--------+--------+--------+--------+--------+-----+--------+

Top non-repeatable levels by time:
     D:1: 1148 daAuts
     D:6: 561 daAuts
     D:2: 527 daAuts
     D:3: 61 daAuts
